 Dungeon Crawl Stone Soup version 0.29.1-15-g9cfb28693d (webtiles) character file.

Game seed: 9206070134531802046

4442 MacCMillion the Grappler (level 10, -3/100 HPs)
             Began as a Troll Fighter on Feb 22, 2023.
             Was an Initiate of Wu Jian.
             Slain by Erica
             ... wielding a +1 scimitar of flaming
              (9 damage)
             ... on level 8 of the Dungeon.
             The game lasted 00:09:01 (7291 turns).

MacCMillion the Grappler (Troll Fighter)            Turns: 7291, Time: 00:09:02

Health: -3/100     AC:  5    Str: 26    XL:     10   Next: 15%
Magic:  9/9        EV:  9    Int:  8    God:    Wu Jian [......]
Gold:   420        SH:  9    Dex:  9    Spells: 9/9 levels left

rFire   . . .      SeeInvis .     - Unarmed
rCold   . . .      Faith    .   b - +0 kite shield
rNeg    . . .      Spirit   .   a - +0 robe
rPois   .          Reflect  .   (helmet restricted)
rElec   .          Harm     .   A - +0 cloak
rCorr   .          Rampage  .   (gloves unavailable)
Will    +....                   (boots unavailable)
Stlth   +.........              (no amulet)
HPRegen 1.06/turn               o - ring of flight
MPRegen 0.11/turn               F - ring of willpower

@: lethally poisoned (-3 -> -7), flying
A: large, unfitting armour, claws 3, regeneration 1, shaggy fur 1, tough skin 1
a: Renounce Religion


You were on level 8 of the Dungeon.
You worshipped Wu Jian.
Wu Jian was noncommittal.
You visited 2 branches of the dungeon, and saw 9 of its levels.

You collected 420 gold pieces.

Inventory:

Missiles
 s - 17 poisoned darts (quivered)
Armour
 a - a +0 robe (worn)
 b - a +0 kite shield (worn)
 A - a +0 cloak (worn)
Jewellery
 o - a ring of flight (left claw)
 C - a ring of protection from cold
 D - a +6 ring of intelligence
 F - a ring of willpower (right claw)
Wands
 p - a wand of paralysis (4)
 E - a wand of mindburst (8)
Scrolls
 e - 2 scrolls of teleportation {unknown}
 f - 2 scrolls of butterflies {unknown}
 h - 3 scrolls of enchant weapon {unknown}
 i - 3 scrolls of enchant armour {unknown}
 j - 9 scrolls of identify {unknown}
 n - a scroll of brand weapon {unknown}
 q - a scroll of vulnerability {unknown}
 r - 2 scrolls of poison {unknown}
 v - a scroll of immolation {unknown}
 x - a scroll of acquirement {unknown}
 y - 4 scrolls of silence {unknown}
 z - 2 scrolls of summoning {unknown}
Potions
 c - a potion of might
 d - 3 potions of curing {unknown}
 g - a potion of invisibility {unknown}
 k - 2 potions of ambrosia {unknown}
 l - a potion of flight {unknown}
 m - 2 potions of brilliance {unknown}
 t - a potion of magic {unknown}
 u - a potion of haste {unknown}
 w - a potion of cancellation {unknown}
 B - 2 potions of degeneration {unknown}


   Skills:
 + Level 6.5 Fighting
 + Level 4.1 Dodging
 + Level 7.1 Shields
 * Level 10.3 Unarmed Combat


You had 9 spell levels left.
You didn't know any spells.
Your spell library contained the following spells:

 Spells                   Type           Power      Damage    Failure   Level
 Summon Small Mammal      Summ           0%         N/A       65%         1
 Sublimation of Blood     Necr           0%         N/A       80%         2
 Wereblood                Tmut           0%         N/A       80%         2
 Call Canine Familiar     Summ           0%         N/A       95%         3
 Inner Flame              Hex/Fire       0%         N/A       95%         3
 Portal Projectile        Hex/Tloc       0%         N/A       95%         3
 Summon Guardian Golem    Hex/Summ       0%         N/A       95%         3
 Tukima's Dance           Hex            0%         N/A       95%         3
 Cause Fear               Hex            0%         N/A       100%        4
 Blade Hands              Tmut           0%         N/A       100%        5
 Summon Hydra             Summ           0%         N/A       100%        7
 Discord                  Hex            0%         N/A       100%        8


Dungeon Overview and Level Annotations

Branches:
Dungeon (8/15)             Temple (1/1) D:7
   Lair: D:8-11

Altars:
Ashenzari
Cheibriados
Fedhas
Kikubaaqudgha
Makhleb
Nemelex Xobeh
Okawaru
Qazlal
Ru
Sif Muna
Trog
Vehumet
Wu Jian
Xom
Yredelemnul
Zin

Shops:
D:7 =

Annotations:
D:8 Erica


Innate Abilities, Weirdness & Mutations

You are too large for most types of armour.
You have claws for hands.
Your natural rate of healing is unusually fast.
You are covered in fur. (AC +1)
You have tough skin. (AC +1)


Message History

You now have 420 gold pieces (gained 16).
Erica the Fiery-Tempered comes into view.
She is wielding a +1 scimitar of flaming and wearing a +2 robe of fire resistance.
Erica shouts!
Erica is nearby!
Erica gestures at you while chanting. The bolt of poison hits you!!
You are poisoned.
You feel very sick.
Erica casts a spell.
Erica flickers and vanishes!
Deactivating autopickup; reactivate with Ctrl-A.
No target in view!
Unknown command.
You feel sick. Something hits you! Something burns you.
You barely miss something.
You feel sick. Something hits you but does no damage.
You completely miss something.
You feel sick. Something hits you. Something burns you.
You mangle something!!
You feel sick.
You hear some strange, mumbled words.
A bolt of poison appears from out of thin air!
The bolt of poison hits you!!
You are more poisoned.
You claw something!
You feel very sick. Something hits you!
* * * LOW HITPOINT WARNING * * *
Something burns you.
* * * LOW HITPOINT WARNING * * *
You claw something!
You feel very sick. Something hits you!
* * * LOW HITPOINT WARNING * * *
Something burns you.
* * * LOW HITPOINT WARNING * * *
You closely miss something.
* * * LOW HITPOINT WARNING * * *
You feel very sick. Something hits you!
You die...

. .## ..# #.# #.#
#.#########.####
......{@.......#
#.#########.##.#
#.##.#####
#.##.##..#####
#######.##.##.......
..............######
........##..........
####################


There were no monsters in sight!

Vanquished Creatures
  Gastronok (D:8)
  Psyche (D:8)
  Grinder (D:3)
  2 wyverns (D:5)
  2 water moccasins
  An ice beast (D:7)
  5 ogres
  An orc warrior (D:5)
  4 black bears
  3 bullfrogs
  A necrophage (D:6)
  2 scorpions
  4 killer bees
  5 howler monkeys
  A jelly (D:6)
  2 hounds
  5 orc priests
  A gnoll bouda (D:5)
  3 iron imps (D:3)
  2 iguanas (D:5)
  2 orc wizards
  6 gnolls
  9 adders
  2 shadow imps (D:5)
  2 white imps
  3 ufetubi
  3 worms
  2 dart slugs
  21 orcs
  4 bats
  4 endoplasms (D:4)
  3 giant cockroaches
  4 goblins
  4 hobgoblins
  6 jackals
  7 kobolds
  6 quokkas
  6 ball pythons
  4 frilled lizards
  2 rats (D:1)
147 creatures vanquished.

Vanquished Creatures (others)
  A wizard (D:6)
  A sky beast (D:8)
2 creatures vanquished.

Grand Total: 149 creatures vanquished

Notes
Turn   | Place    | Note
-------+----------+-------------------------------------------
     0 | D:1      | MacCMillion the Troll Fighter began the quest for the Orb.
     0 | D:1      | Reached XP level 1. HP: 22/22 MP: 0/0
   218 | D:1      | Found a faded altar of an unknown god.
   239 | D:1      | Reached XP level 2. HP: 29/29 MP: 1/1
   571 | D:1      | You fall into a shaft and drop 1 floor!
   725 | D:2      | Reached XP level 3. HP: 35/36 MP: 2/2
   775 | D:2      | Reached skill level 3 in Unarmed Combat
  1159 | D:2      | Found a sacrificial altar of Ru.
  1374 | D:3      | Reached XP level 4. HP: 44/44 MP: 3/3
  1626 | D:3      | Found a burning altar of Makhleb.
  1632 | D:3      | Reached skill level 4 in Unarmed Combat
  1632 | D:3      | Reached XP level 5. HP: 53/53 MP: 4/4
  1715 | D:3      | Noticed Grinder
  1726 | D:3      | Killed Grinder
  1727 | D:3      | Reached skill level 5 in Unarmed Combat
  1727 | D:3      | Reached XP level 6. HP: 51/62 MP: 5/5
  1999 | D:4      | Reached XP level 7. HP: 68/68 MP: 6/6
  2228 | D:4      | Reached skill level 6 in Unarmed Combat
  2625 | D:5      | Entered Level 5 of the Dungeon
  3146 | D:5      | Reached skill level 5 in Shields
  3146 | D:5      | Reached XP level 8. HP: 44/79 MP: 7/7
  3290 | D:5      | Reached skill level 7 in Unarmed Combat
  3677 | D:5      | Found an iron altar of Okawaru.
  3703 | D:5      | Reached skill level 5 in Fighting
  3820 | D:5      | Reached skill level 8 in Unarmed Combat
  3963 | D:5      | Reached XP level 9. HP: 67/88 MP: 8/8
  4745 | D:6      | Reached skill level 9 in Unarmed Combat
  5320 | D:6      | Found a bloodstained altar of Trog.
  5322 | D:6      | Noticed a wizard
  5327 | D:6      | Killed a wizard
  5436 | D:6      | Found a radiant altar of Vehumet.
  5793 | D:7      | Found Moel's Jewellery Emporium.
  6337 | D:7      | Found a staircase to the Ecumenical Temple.
  6378 | Temple   | Entered the Ecumenical Temple
  6462 | Temple   | Became a worshipper of the Wu Jian Council
  6987 | D:8      | Noticed Gastronok
  6998 | D:8      | Killed Gastronok
  6999 | D:8      | Reached skill level 10 in Unarmed Combat
  6999 | D:8      | Reached XP level 10. HP: 42/100 MP: 9/9
  7066 | D:8      | Noticed Psyche
  7071 | D:8      | Killed Psyche
  7281 | D:8      | Noticed Erica
  7291 | D:8      | Slain by Erica

Illustrated notes

Levels and vault maps discovered:
D:1:      saegor_arrival_simple_a, layout_loops_cross,
          ebering_ecumenical_altar_sacrificial, minivault_5,
          hangedman_glass_teeth
D:2:      layout_basic, basic_altar
D:3:      layout_rooms, demons_altar, uniq_grinder
D:4:      layout_loops_ring, kennysheep_generic_room_3
D:5:      layout_basic, lemuel_tele_altar, nzn_random_ring
D:6:      layout_layer_cave, kennysheep_mini_moat, trog_wizard
D:7:      layout_basic, minmay_temple_entry_large_hall, serial_shops,
          nicolae_stop_n_shop_1
D:8:      layout_loops_ring, lemuel_flamethrower_2, uniq_gastronok, uniq_psyche,
          uniq_erica
Temple:   compressed_dpeg_triangle_lava_temple

Skill      XL: |  1  2  3  4  5  6  7  8  9 |
---------------+----------------------------+-----
Shields        | 3 4 5 6 7 |  7.1
Unarmed Combat | 3 4 5 6 8 10 | 10.3
Fighting       | 3 4 5 6 |  6.5
Dodging        | 4 |  4.1

Action                   |  1- 3 |  4- 6 |  7- 9 | 10-12 || total
-------------------------+-------+-------+-------+-------++-------
Melee: Unarmed           |   115 |    74 |   282 |    10 ||   481
Armor: Robe              |    44 |     7 |    46 |     1 ||    98
Dodge: Dodged            |    46 |    14 |    83 |     1 ||   144
Block: Kite shield       |    38 |    30 |   105 |       ||   173
